Soup, chaotic male elven Priest --- |`.--- |..<.| |.--.----------- |.||..).[.f(.B@p |.|--..--------@rr |`| |..[.--.| xr |`| |.......| r |.| |.--...-- |.| |.--..-- |.--|...-- |...---..-- |... --...------------. ....|......--.|.--.|.-- -..-|-................-- ----|..................| --.|.|.---.|..|.---- ------- -------- Soup the Acolyte Experience level: 5 Strength: 10 Dexterity: 12 Constitution: 12 Intelligence: 11 Wisdom: 19 Charisma: 8 Health: 0(34) Energy: 65(65) Def: 7 Gold: 125 Moves: 2098 Dungeon seed: YAw9d_tZN7XfbZed Game ID: Soup_1614565281 Your Inventory: Coins $ - 125 gold pieces Weapons a - a blessed +1 mace (weapon in hand) k - 9 +0 elven arrows o - a blessed +1 arrow s - a +0 dwarvish mattock w - 7 +0 darts (in quiver) Armor e - a +0 robe (being worn) n - a +0 small shield (being worn) r - a +0 orcish helm (being worn) H - a +0 pair of gauntlets of dexterity (being worn) N - a +0 pair of iron shoes (being worn) Comestibles c - a clove of garlic d - 2 sprigs of wolfsbane Scrolls u - a scroll of blank paper Spellbooks f - a spellbook of cure blindness g - a spellbook of create monster p - a blessed spellbook of create familiar Potions b - 4 potions of holy water G - a cursed potion of oil Rings j - a cursed -1 ring of protection Tools h - a bell m - a mirror E - a credit card Gems q - an amethyst stone z - a worthless piece of white glass B - a turquoise stone Y - 2 worthless pieces of yellowish brown glass Boulders/Statues y - a statue of a newt Spells and supernatural/magical abilities: Name Level Category Fail Memory A - create familiar 6 clerical 100% 94% B - cure blindness 2 healing 39% 90% O - create monster 2 clerical 0% 90% W - pray for help -- divine ? -- X - turn undead -- divine ? -- Your skills at the end: Fighting Skills Weapon Skills mace [Basic] Spellcasting Skills clerical spells [Basic] Final Attributes: You were piously aligned. You were sleep resistant. You had infravision. You were lucky. You are dead. Vanquished creatures: a gnome king a fog cloud 2 gnome lords a gnomish wizard a black naga hatchling 4 dwarves a kobold lord 2 coyotes a hobbit a green mold a red mold 6 gnomes 3 geckos 6 jackals 3 foxes 2 kobolds a goblin 8 grid bugs a lichen 5 newts 51 creatures vanquished. Voluntary challenges: You used a wielded weapon 52 times, starting on turn 15. You read items or engraved 46 times, starting on turn 197. You never genocided any monsters. You never polymorphed an object. You never changed form. You used no wishes. You never split a pudding. You never wrote Elbereth's name. You never violated your personal moral code. Dungeon overview: The Dungeons of Doom: levels 1 to 3 Level 1 a long staircase Level 2 Level 3 a fountain stairs to The Gnomish Mines The Gnomish Mines: levels 4 to 5 Level 4 stairs to The Dungeons of Doom Level 5 <- You were here History has recorded: On T:1 you entered the Dungeons of Doom to retrieve the Amulet of Yendor! On T:192 you advanced to experience level 2. On T:321 you reached level 2 of The Dungeons of Doom. On T:668 you reached level 3 of The Dungeons of Doom. On T:748 you advanced to experience level 3. On T:1140 you reached level 1 of The Gnomish Mines. On T:1225 you advanced to experience level 4. On T:1474 you reached level 2 of The Gnomish Mines. On T:1993 you advanced to experience level 5. Score breakdown: Gold: 125 ( 7144 points) Experience: 5 levels (11141 points) Exploration: 5 levels ( 10.20%) ( 8660 points) Discoveries: 12 items ( 4.18%) ( 6134 points) Valuables value: (no points given unless you survive) Artifact value: 0 ( 0 points) Variety of kills: 20 monsters ( 5.25%) ( 6873 points) Turncount: 2098 turns ( -71 points) Survival: died (score multiplied by 80%) Total score: 31904 Latest messages: It bites! You feel completely healed. You can see again. The bat bites! (2x) You hear some noises in the distance. You kill the hobbit! The bat bites! The gnome swings his thonged club. The gnome hits! The bat misses. The wererat changes into a human. The bat misses. The bat bites! The wererat changes into a rat. You kill the gnome! The bat bites! The wererat changes into a human. You miss the wererat. The bat bites! You hear some noises. The wererat summons help! The wererat hits! The bat bites! You die... Final status: Goodbye Soup the Priest, killed by a bat... You died in The Gnomish Mines on dungeon level 5 with 31904 points, and 125 pieces of gold, after 2098 moves. You were level 5 with a maximum of 34 hit points when you died.